 Dungeon Crawl Stone Soup version 0.29.0-11-gd7f09526c8 (webtiles) character file.

Game seed: 6876008181934116095

2557 SolCadguy the Destroyer (level 9, -6/59 (62) HPs)
             Began as a Yellow Draconian Hedge Wizard on Sept 3, 2022.
             Was a Follower of Kikubaaqudgha.
             Mangled by Pikel the hornet (7 damage)
             ... while paralysed by Pikel
             ... on level 8 of the Dungeon.
             The game lasted 00:48:39 (9909 turns).

SolCadguy the Destroyer (DrHW)                      Turns: 9909, Time: 00:48:40

HP:   -6/59 (62)    AC:  8    Str: 13    XL:     9   Next: 31%
MP:   7/18          EV:  2    Int: 19    God:    Kikubaaqudgha [*.....]
Gold: 504           SH:  0    Dex: 10    Spells: 2/20 levels left

rFire   . . .      SeeInvis .   y - +2 short sword (speed)
rCold   . . .      Faith    .   (no shield)
rNeg    . . .      Spirit   .   (body armour unavailable)
rPois   .          Reflect  .   b - +0 hat
rElec   .          Harm     .   (no cloak)
rCorr   +          Rampage  .   (no gloves)
Will    .....                   f - +0 pair of boots
Stlth   ++........              v - amulet of the acrobat
HPRegen 0.19/turn               F - ring of resist corrosion
MPRegen 0.16/turn               (no ring)

@: paralysed, lethally poisoned (-6 -> -18), short of breath, slowed, lightly
drained
A: spit acid, AC +7, unfitting armour, cold-blooded, acid resistance
a: Breathe Acid, Renounce Religion, Unearth Wretches


You were on level 8 of the Dungeon.
You worshipped Kikubaaqudgha.
Kikubaaqudgha was aware of your devotion.
You visited 2 branches of the dungeon, and saw 9 of its levels.

You collected 504 gold pieces.

Inventory:

Hand Weapons
 a - a +0 dagger
 o - a +0 spear
 r - a +0 trident
 w - a +0 sling
 y - a +2 short sword of speed (weapon)
 C - a +0 rapier
 E - a +2 vampiric dagger
 O - a +0 scythe
 P - a +2 rapier of freezing
Missiles
 d - 62 stones
 s - 14 poisoned darts
 K - 3 boomerangs (quivered)
 L - 4 throwing nets
Armour
 b - a +0 hat (worn)
 f - a +0 pair of boots (worn)
 k - a +0 kite shield
Jewellery
 v - an amulet of the acrobat (around neck)
 F - a ring of resist corrosion (left hand)
 I - a ring of fire
 J - an amulet of guardian spirit
Wands
 u - a wand of charming (28)
 x - a wand of polymorph (20)
 B - a wand of quicksilver (10)
Scrolls
 e - 4 scrolls of teleportation
 g - a scroll of fear
 i - a scroll of silence
 n - a scroll of magic mapping
 q - a scroll of immolation {unknown}
 t - a scroll of fog {unknown}
 A - a scroll of blinking {unknown}
 G - a scroll of noise {unknown}
 H - 2 scrolls of summoning {unknown}
 M - 2 scrolls of enchant armour {unknown}
Potions
 c - a potion of magic
 h - 2 potions of lignification
 j - a potion of heal wounds
 m - a potion of haste {unknown}
 p - a potion of berserk rage {unknown}
 D - 2 potions of flight
 N - 2 potions of might


   Skills:
 + Level 3.1 Short Blades
 - Level 1.7 Dodging
 - Level 1.7 Stealth
 + Level 6.2 Spellcasting
 - Level 8.4 Conjurations
 - Level 1.0 Summonings
 + Level 5.4 Necromancy
 - Level 1.0 Translocations
 - Level 2.1 Air Magic
 - Level 2.1 Poison Magic


You had 2 spell levels left.
You knew the following spells:

 Your Spells              Type           Power      Damage    Failure   Level
a - Magic Dart            Conj           100%       1d8       1%          1
b - Blink                 Tloc           18%        N/A       11%         2
c - Call Imp              Summ           9%         N/A       11%         2
d - Mephitic Cloud        Conj/Pois/Air  21%        N/A       6%          3
e - Slow                  Hex            20%        N/A       11%         1
f - Dazzling Flash        Conj/Hex       42%        N/A       6%          3
g - Conjure Flame         Conj/Fire      21%        6-21      6%          3
h - Vampiric Draining     Necr           26%        2d7       3%          3

Your spell library contained the following spells:

 Spells                   Type           Power      Damage    Failure   Level
 Foxfire                  Conj/Fire      84%        2x1d8     1%          1
 Necrotise                Necr           100%       1d9       1%          1
 Sublimation of Blood     Necr           26%        N/A       1%          2
 Freeze                   Ice            20%        1d4       11%         1
 Sandblast                Erth           10%        2d5       11%         1
 Passwall                 Tmut/Erth      4%         N/A       17%         2
 Stone Arrow              Conj/Erth      42%        3d9       6%          3
 Portal Projectile        Hex/Tloc       14%        N/A       26%         3
 Tukima's Dance           Hex            5%         N/A       32%         3
 Agony                    Necr           26%        N/A       32%         5
 Anguish                  Hex/Necr       8%         N/A       34%         4
 Silence                  Hex/Air        4%         N/A       89%         5
 Blade Hands              Tmut           2%         N/A       97%         5


Dungeon Overview and Level Annotations

Branches:
Dungeon (8/15)             Temple (1/1) D:4
   Lair: D:8-11

Altars:
Ashenzari
Cheibriados
Dithmenos
Elyvilon
Fedhas
Hepliaklqana
Kikubaaqudgha
Makhleb
Nemelex Xobeh
Okawaru
Qazlal
Ru
Sif Muna
Trog
Uskayaw
Vehumet
Wu Jian
Xom
Yredelemnul
The Shining One

Annotations:
D:7 Psyche
D:8 Pikel


Innate Abilities, Weirdness & Mutations

You can spit globs of acid.
Your golden yellow scales are hard. (AC +7)
You cannot fit into any form of body armour.
You are cold-blooded and may be slowed by cold attacks.
You are resistant to acid. (rCorr)


Message History

You feel extremely sick.
Pikel completely misses your crimson imp.
Pikel stings your crimson imp!
Your crimson imp completely misses Pikel.
Pikel stings your crimson imp.
Your crimson imp seems to slow down.
You feel very sick.
Your crimson imp is no longer moving slowly.
Pikel stings your crimson imp.
Your crimson imp dies!
Your crimson imp disappears in a puff of smoke!
You feel better. Pikel stings you!
You are poisoned.
You feel as though you will be slow longer.
Unknown command.
You feel better. Pikel stings you!
You feel as though you will be slow longer.
Pikel stings you but does no damage.
Casting: Call Imp (safe; 11% risk of failure)
Confirm with . or Enter, or press ? or * to list all spells.
Aiming: Vampiric Draining (dangerous; 3% risk of failure)
Press: ? - help, Shift-Dir - straight line, f/p - Pikel
Aim: Pikel the hornet You draw life force from Pikel!
You feel life coursing into your body. Pikel closely misses you.
Pikel stings you.
You are poisoned.
You feel as though you will be slow longer.
Pikel stings you!
You are lethally poisoned!
You suddenly lose the ability to move!
* * * LOW HITPOINT WARNING * * *
You feel very sick. Pikel stings you!
* * * LOW HITPOINT WARNING * * *
You feel as though you will be slow longer.
* * * LOW HITPOINT WARNING * * *
You feel very sick. Pikel stings you!
You die...
Kikubaaqudgha rasps: "You have failed me!
Welcome... death!"

#### #... . #... ... #...
.....##################...
.....)5.y@............'...
..#####################...
#... ####


You could see Pikel the hornet and a lemure (confused, corroded).

Vanquished Creatures
  A hornet (D:8)
  Sigmund (D:6)
  Eustachio (D:6)
  A water moccasin (D:7)
  An ice beast (D:6)
  2 orc warriors (D:6)
  2 lemures (D:8)
  3 phantoms
  A kobold brigand (D:6)
  2 necrophages (D:6)
  Blork the orc (D:6)
  2 bullfrogs
  A hound (D:4)
  5 orc priests
  2 gnoll boudas (D:6)
  3 jellies
  6 orc wizards
  2 iguanas
  7 gnolls (D:6)
  5 adders
  3 white imps
  An ufetubus (D:6)
  A worm (D:2)
  2 dart slugs
  23 orcs
  13 ball pythons
  4 bats (D:1)
  3 endoplasms
  5 giant cockroaches
  17 goblins
  7 hobgoblins
  2 quokkas
  3 frilled lizards
  9 kobolds
  9 rats
151 creatures vanquished.

Vanquished Creatures (collateral kills)
  A bullfrog (D:7)
  A scorpion (D:7)
  A quasit (D:4)
  A hound (D:6)
  Jessica (D:2)
  Robin (D:4)
  3 adders
  An orc (D:4)
10 creatures vanquished.

Vanquished Creatures (others)
  A hound (D:6)
  A gnoll (D:6)
  A bat (D:6)
  A rat (D:6)
4 creatures vanquished.

Grand Total: 165 creatures vanquished

Notes
Turn   | Place    | Note
-------+----------+-------------------------------------------
     0 | D:1      | SolCadguy the Draconian Hedge Wizard began the quest for
                  | the Orb.
     0 | D:1      | Reached XP level 1. HP: 14/14 MP: 4/4
   177 | D:1      | Reached skill level 2 in Conjurations
   182 | D:1      | Reached XP level 2. HP: 16/20 MP: 1/6
   249 | D:1      | Learned a level 2 spell: Blink
   252 | D:1      | Learned a level 2 spell: Call Imp
  1236 | D:2      | Noticed Jessica
  1249 | D:2      | Killed Jessica
  1250 | D:2      | Reached skill level 3 in Conjurations
  1250 | D:2      | Reached XP level 3. HP: 22/26 MP: 1/7
  1306 | D:2      | Learned a level 3 spell: Mephitic Cloud
  1618 | D:2      | Reached XP level 4. HP: 30/33 MP: 1/8
  1619 | D:2      | Reached skill level 4 in Conjurations
  1759 | D:2      | Found a faded altar of an unknown god.
  2571 | D:4      | Reached skill level 1 in Air Magic
  2595 | D:4      | Reached skill level 1 in Poison Magic
  2665 | D:4      | Noticed Robin
  2684 | D:4      | Killed Robin
  2718 | D:4      | Reached XP level 5. HP: 26/38 MP: 4/9
  3052 | D:4      | Noticed Grinder
  3057 | D:4      | Noticed Grinder
  3057 | D:4      | Grinder changed into Grinder the quasit
  3063 | D:4      | Killed Grinder the quasit
  3093 | D:4      | Found a staircase to the Ecumenical Temple.
  3737 | Temple   | Entered the Ecumenical Temple
  4063 | Temple   | Became a worshipper of Kikubaaqudgha
  4329 | D:5      | Entered Level 5 of the Dungeon
  4339 | D:5      | Reached XP level 6. HP: 45/45 MP: 7/12
  4572 | D:5      | Learned a level 1 spell: Slow
  4576 | D:5      | Learned a level 3 spell: Dazzling Flash
  4593 | D:5      | Found a hide-covered altar of Uskayaw.
  4611 | D:5      | Reached skill level 5 in Spellcasting
  4842 | D:5      | Learned a level 3 spell: Conjure Flame
  5383 | D:5      | Your scales start taking on a golden yellow colour.
  5383 | D:5      | Reached XP level 7. HP: 35/50 MP: 9/15
  5383 | D:5      | Gained mutation: You are resistant to acid. (rCorr) [Yellow
                  | Draconian growth]
  5863 | D:6      | Found a white marble altar of Elyvilon.
  5867 | D:6      | Found a sparkling altar of Nemelex Xobeh.
  5875 | D:6      | Reached skill level 5 in Conjurations
  6053 | D:6      | Reached skill level 6 in Conjurations
  6100 | D:6      | Reached * piety under Kikubaaqudgha
  6100 | D:6      | Received a gift from Kikubaaqudgha
  6104 | D:6      | Reached XP level 8. HP: 57/57 MP: 0/16
  6219 | D:6      | Learned a level 3 spell: Vampiric Draining
  6226 | D:6      | Reached skill level 7 in Conjurations
  6301 | D:6      | Reached skill level 1 in Necromancy
  6464 | D:6      | Noticed Sigmund
  6485 | D:6      | Killed Sigmund
  6533 | D:6      | Noticed Eustachio
  6540 | D:6      | Found a sacrificial altar of Ru.
  6540 | D:6      | Found a blossoming altar of Fedhas.
  6887 | D:6      | Killed Eustachio
  6888 | D:6      | Reached skill level 8 in Conjurations
  7148 | D:6      | Reached skill level 1 in Short Blades
  7148 | D:6      | Found a shimmering blue altar of Sif Muna.
  7303 | D:6      | Got Sif Muna's Atlas of the Inferno and the Glacier
  7308 | D:6      | Found a bloodstained altar of Trog.
  7431 | D:6      | Noticed Blork the orc
  7443 | D:6      | Killed Blork the orc
  7899 | D:7      | Reached XP level 9. HP: 37/62 MP: 17/17
  8467 | D:7      | Reached skill level 5 in Necromancy
  8815 | D:8      | Noticed Psyche
  9722 | D:8      | Noticed Pikel
  9899 | D:8      | Noticed Pikel
  9899 | D:8      | Pikel changed into Pikel the hornet
  9907 | D:8      | Paralysed by Pikel for 3 turns
  9909 | D:8      | HP: 1/59 [poisoned by Pikel]
  9909 | D:8      | Mangled by Pikel the hornet

Illustrated notes

Levels and vault maps discovered:
D:1:      erik_arrival_triangle_small, layout_loops_cross, serial_park_tiny_2
D:2:      layout_rooms, shapermc_ecumenical_altar_mp_highgroup, st_stairs_8,
          kennysheep_generic_room_5, uniq_jessica
D:3:      layout_rooms, chequers_serial_rivers_small_3, nicolae_titane
D:4:      layout_cave_pools, temple_pool_b, st_stairs_4,
          ebering_dispersal_statue_hall, kennysheep_diamond, grunt_ministairs_3,
          hangedman_abyss_or_decor_stabs, uniq_robin, uniq_grinder
D:5:      layout_basic, nicolae_uskayaw_dance_hall
D:6:      layout_loops_ring, nzn_overflow_gifts_of_might_and_magic,
          gammafunk_temple_overflow_elements, grunt_temple_overflow_open,
          uniq_sigmund, uniq_blork_the_orc, uniq_eustachio
D:7:      layout_loops_cross
D:8:      layout_basic, uniq_pikel, uniq_amaemon, uniq_psyche
Temple:   compressed_dpeg_triangle_lava_temple

Skill      XL: |  1  2  3  4  5  6  7  8  9 |
---------------+----------------------------+-----
Conjurations   | 2 3 4 6 8 |  8.4
Air Magic      | 1 2 |  2.1
Poison Magic   | 1 2 |  2.1
Spellcasting   | 4 5 6 |  6.2
Necromancy     | 4 5 |  5.4
Short Blades   | 1 3 |  3.1
Dodging        | |  1.7
Stealth        | |  1.7
Summonings     | |  1.0
Translocations | |  1.0

Action                   |  1- 3 |  4- 6 |  7- 9 || total
-------------------------+-------+-------+-------++-------
Melee: Dagger            |    63 |       |       ||    63
       Tailslap          |     5 |    23 |    27 ||    55
       Spear             |     3 |    28 |       ||    31
       Short sword       |       |   176 |   180 ||   356
       Punch             |       |     4 |     4 ||     8
Throw: Dart              |       |     1 |     6 ||     7
       Boomerang         |       |       |     3 ||     3
 Cast: Magic Dart        |    53 |    92 |    76 ||   221
       Call Imp          |     2 |    14 |    20 ||    36
       Mephitic Cloud    |     1 |     1 |     8 ||    10
       Blink             |       |     2 |       ||     2
       Conjure Flame     |       |       |     5 ||     5
       Vampiric Draining |       |       |    15 ||    15
       Dazzling Flash    |       |       |     1 ||     1
       Slow              |       |       |     1 ||     1
Invok: Unearth Wretches  |       |       |     1 ||     1
 Abil: Breathe Acid      |       |       |    26 ||    26
Evoke: Wand              |       |     3 |     5 ||     8
  Use: Scroll            |     3 |       |     8 ||    11
       Potion            |       |       |     4 ||     4
 Stab: Distracted        |       |     2 |     1 ||     3
       Confused          |       |       |     3 ||     3
       Paralysed         |       |       |     1 ||     1
Armor: Skin              |    19 |    46 |    47 ||   112
Dodge: Dodged            |    35 |   116 |    76 ||   227
